 Dungeon Crawl Stone Soup version 0.21.1-1-g345015f (webtiles) character file.

65 suicidejoker the Shield-Bearer (level 3, -4/33 HPs)
             Began as a Minotaur Fighter on May 4, 2018.
             Slain by Natasha (7 damage)
             ... on level 2 of the Dungeon.
             The game lasted 00:01:12 (1172 turns).

suicidejoker the Shield-Bearer (Minotaur Fighter)   Turns: 1172, Time: 00:01:14

Health: -4/33      AC:  7    Str: 20    XL:     3   Next: 92%
Magic:  2/2        EV:  7    Int:  5    God:
Gold:   86         SH:  9    Dex: 10    Spells: 2/2 levels left

rFire    . . .     SeeInvis .   a - +0 long sword
rCold    . . .     Gourm    .   c - +0 shield
rNeg     . . .     Faith    .   b - +0 scale mail
rPois    .         Spirit   .   (helmet restricted)
rElec    .         Reflect  .   (no cloak)
rCorr    .         Harm     .   (no gloves)
MR       .....                  (no boots)
Stlth    ..........             (no amulet)
HPRegen  0.11/turn              (no ring)
MPRegen  0.08/turn              (no ring)

@: no status effects
A: retaliatory headbutt, horns 2
a: no special abilities


You were on level 2 of the Dungeon.
You were not hungry.

You visited 1 branch of the dungeon, and saw 2 of its levels.

You collected 86 gold pieces.

Inventory:

Hand Weapons
 a - a +0 long sword (weapon)
Missiles
 h - 3 tomahawks (quivered)
 i - 63 stones
 j - 22 bolts
 q - 17 arrows
Armour
 b - a +0 scale mail (worn)
 c - a +0 shield (worn)
Scrolls
 e - 5 scrolls of identify {unknown}
 g - a scroll of fear {unknown}
 k - a scroll of immolation {unknown}
 n - a scroll of magic mapping {unknown}
 o - a scroll of amnesia {unknown}
 p - a scroll of fog {unknown}
 t - a scroll of remove curse {unknown}
Potions
 d - a potion of might
 l - a potion of brilliance {unknown}
 m - 2 potions of curing {unknown}
 r - 2 potions of heal wounds {unknown}
 u - a potion of flight {unknown}
Comestibles
 f - 2 rations
 s - a chunk of flesh


   Skills:
 + Level 4.0 Fighting
 + Level 3.3 Long Blades
 + Level 4.3 Armour
 + Level 0.1 Dodging
 + Level 4.5 Shields


You had 2 spell levels left.
You didn't know any spells.

Dungeon Overview and Level Annotations

Branches:
Dungeon (2/15)

Altars:
Nemelex Xobeh

Annotations:
D:2 Natasha


Innate Abilities, Weirdness & Mutations

You reflexively headbutt those who attack you in melee.
You have a pair of horns on your head.


Message History

You furiously retaliate!
You headbutt Natasha!
The white imp shouts, "Bolt, thou vain boil-brained bull-brain!"
The white imp gestures at you. The puff of frost hits you!
Natasha closely misses you.
You barely miss Natasha.
Natasha is heavily wounded.
The white imp hits you. The white imp freezes you.
* * * LOW HITPOINT WARNING * * *
Natasha claws you but does no damage.
Your scale mail prevents you from hitting Natasha.
Natasha is heavily wounded.
You block the white imp's attack. Natasha claws you.
* * * LOW HITPOINT WARNING * * *
You barely miss Natasha. Your headbutt misses Natasha.
Natasha is heavily wounded.
The white imp gestures at you. The puff of frost misses you. Natasha claws you.
* * * LOW HITPOINT WARNING * * *
You block the white imp's attack. Natasha claws you!
You die...

....#.........# ###.#...........
....# ........####.........##....
....# ##.##.................#####
....###........)............### #
.........####......##.##..#...###
....#.##.####.....<...##...#...##
......##.#....#.#........#......#
.......#...####5......#..#.......
#.........#.....@.##.....#.......
#..............h#.####.#.#.......
#............รท..#.# #.#........#
#.................## #.#.#......#
........##......#).###.#.#.......
........###..................>...
####.).## #.........##.#.........
# #.#.## #......#..............#
####.#..#####.#............#....#


You could see Natasha and a white imp.

Vanquished Creatures
  Natasha (D:2)
  5 bats
  A giant cockroach (D:1)
  6 hobgoblins
  3 jackals (D:1)
  A quokka (D:2)
  2 frilled lizards
  8 goblins
  6 kobolds
  2 rats
35 creatures vanquished.

Notes
Turn   | Place    | Note
-------+----------+-------------------------------------------
     0 | D:1      | suicidejoker the Minotaur Fighter began the quest for the Orb.
     0 | D:1      | Reached XP level 1. HP: 19/19 MP: 0/0
   246 | D:1      | Reached XP level 2. HP: 27/27 MP: 1/1
   924 | D:2      | Reached XP level 3. HP: 27/33 MP: 2/2
   961 | D:2      | Found a sparkling altar of Nemelex Xobeh.
  1065 | D:2      | Noticed Natasha
  1072 | D:2      | Killed Natasha
  1160 | D:2      | Noticed Natasha
  1172 | D:2      | Slain by Natasha

Skill      XL: |  1  2  3 |
---------------+----------+-----
Armour         | 4 |  4.3
Shields        | 4 |  4.5
Fighting       | 4 |  4.0
Long Blades    | 3 |  3.3
Dodging        | |  0.1

Action                   || total
-------------------------++-------
Melee: Long sword        ||    84
       Headbutt          ||    11
  Eat: Chunk             ||     1
Armor: Scale mail        ||    31
Dodge: Dodged            ||    23
Block: Shield            ||    53
       Rpst.: Long sword ||     4
